 Dungeon Crawl Stone Soup version 0.17.0-24-gcfadda4 (webtiles) character file.

8570 Medar the Basher (level 11, -7/99 HPs)
             Began as a Gargoyle Summoner on Nov 17, 2015.
             Was a Priest of Trog.
             Mangled by Urug
             ... wielding a +2 glaive of venom
              (15 damage)
             ... on level 3 of the Lair of Beasts.
             The game lasted 00:23:31 (13536 turns).

Medar the Basher (Gargoyle Summoner)               Turns: 13536, Time: 00:23:31

Health: -7/99      AC: 20    Str: 20    XL:     11   Next: 32%
Magic:  14/14      EV: 11    Int: 16    God:    Trog [***...]
Gold:   523        SH:  0    Dex: 10    Spells: 2 memorised, 11 levels left

rFire  . . .     SeeInvis +     a - +0 flail (venom)
rCold  . . .     Clarity  .     t - +0 scale mail
rNeg   + . .     SustAt   .     (no shield)
rPois  ∞         Gourm    .     (no helmet)
rElec  +         Spirit   .     k - +0 cloak
rCorr  .         Warding  .     i - +2 pair of gloves
rMut   .         Stasis   .     f - +0 pair of boots
MR     .....                    (no amulet)
Stlth  ..........               (no ring)
                                C - ring of see invisible

@: berserking (expiring), very quick, not resistant to hostile enchantments,
extremely unstealthy
A: negative energy resistance 1, electricity resistance, unbreathing,
petrification resistance, rot immunity, AC +7
a: Berserk, Trog's Hand, Burn Spellbooks, Renounce Religion


You were on level 3 of the Lair of Beasts.
You worshipped Trog.
Trog was most pleased with you.
You were not hungry.

You visited 2 branches of the dungeon, and saw 11 of its levels.

You collected 523 gold pieces.

Inventory:

Hand Weapons
 a - a +0 flail of venom (weapon)
 L - the +2 short sword "Qaexteji" {pierce, MR- MP-9 Dex+4 Stlth+, unknown}
   (You found it on level 7 of the Dungeon)

   It inflicts extra damage upon your enemies.
   It affects your dexterity (+4).
   It affects your resistance to hostile enchantments.
   It affects your magic capacity (-9).
   It makes you more stealthy.
 P - the +9 trident "Dizi" {venom, MR+, unknown}
   (You found it on level 8 of the Dungeon)

   It poisons the flesh of those it strikes.
   It affects your resistance to hostile enchantments.
Missiles
 n - a throwing net {=f =F}
 I - 4 tomahawks (quivered)
Armour
 f - a +0 pair of boots (worn)
 i - a +2 pair of gloves (worn)
 k - a +0 cloak (worn)
 t - a +0 scale mail (worn)
 u - a +0 crystal plate armour
 v - a +0 chain mail
Jewellery
 C - a ring of see invisible (left hand)
 F - an uncursed ring of fire
 W - an uncursed ring of ice {unknown}
Wands
 p - a wand of magic darts (29)
 y - a wand of magic darts (10)
 z - a wand of cold (0)
 G - a wand of confusion (35)
 K - a wand of disintegration (19)
 M - a wand of random effects (23)
 N - a wand of flame (20)
 R - a wand of confusion (24)
Scrolls
 d - a scroll of noise
 g - 2 scrolls of remove curse {@r1}
 o - a scroll of enchant weapon {unknown}
 s - 2 scrolls of magic mapping {@r3}
 w - a scroll of fog {unknown}
 B - 2 scrolls of immolation {unknown}
 D - a scroll of blinking
 H - a scroll of recharging {unknown}
 Q - a scroll of vulnerability {unknown}
 X - 2 scrolls of identify {@r2}
Potions
 e - a potion of magic
 h - 2 potions of curing {unknown}
 j - 4 potions of lignification {unknown}
 l - a potion of experience {unknown}
 q - a potion of agility
 r - 4 potions of poison
 x - a potion of brilliance {unknown}
 A - 2 potions of cancellation
 O - 2 potions of haste
 S - 2 potions of flight {unknown}
 T - a potion of might {unknown}
 V - a potion of berserk rage {unknown}
Books
 b - a Fen Folio

   Spells                             Type                      Level
   a - Corpse Rot                     Necromancy                   2
   b - Stone Arrow                    Conjuration/Earth            3
   c - Leda's Liquefaction            Hexes/Earth                  4
   d - Summon Forest                  Summoning/Translocation      5
   e - Hydra Form                     Transmutation                6
   f - Summon Hydra                   Summoning                    7
   Trog disapproves of the use of such an item.
 m - a book of Minor Magic

   Spells                             Type                      Level
   a - Magic Dart                     Conjuration                  1
   b - Blink                          Translocation                2
   c - Call Imp                       Summoning                    2
   d - Repel Missiles                 Charms/Air                   2
   e - Slow                           Hexes                        2
   f - Conjure Flame                  Conjuration/Fire             3
   g - Mephitic Cloud                 Conjuration/Poison/Air       3
   Trog disapproves of the use of such an item.
Comestibles
 c - 10 bread rations {@e1}
 E - 5 beef jerkies
 J - a meat ration {@e2}
 U - 8 fruits {@e3}


   Skills:
 + Level 6.9 Fighting
 - Level 14.0 Maces & Flails
 - Level 5.9 Armour
 - Level 3.3 Dodging
 - Level 2.1 Stealth
 - Level 2.0 Spellcasting
 - Level 3.6 Summonings


You had 11 spell levels left.
You knew the following spells:

 Your Spells              Type           Power        Failure   Level  Hunger
d - Call Imp              Summ           ##......     21%         2    ###....
s - Summon Small Mammal   Summ           ##..         14%         1    #......


Dungeon Overview and Level Annotations

Branches:
Dungeon (8/15)             Temple (0/1) D:4            Lair (3/8) D:8
  Swamp: Lair:3-6    Shoals: Lair:3-6     Snake: Lair:3-6    Spider: Lair:3-6

Altars:
Dithmenos
Elyvilon
Kikubaaqudgha
Makhleb
Nemelex Xobeh
Ru
Sif Muna
Trog
Vehumet
Xom
Zin
The Shining One

Annotations:
Lair:3 Urug


Innate Abilities, Weirdness & Mutations

You are resistant to torment.
Your stone body is resilient (AC +7).
You are immune to poison.
You resist negative energy.
You are resistant to electric shocks.
You can survive without breathing.
You are immune to petrification.
You are immune to rotting.


Message History

The yak is moderately wounded.
The giant frog hits you but does no damage.
The yak barely misses you.
You hit the yak.
The yak is moderately wounded.
The giant frog completely misses you.
You thump the yak!
The yak looks even sicker.
The yak is almost dead.
The yak barely misses you. Urug misses you.
You hit the yak but do no damage.
The yak is almost dead.
The giant frog completely misses you.
You thump the yak!
You kill the yak!
Trog accepts your kill.
The giant frog hits you but does no damage.
You sock the giant frog!
The giant frog is poisoned.
The giant frog is heavily wounded.
Urug hits you from afar with a glaive of venom!
You die...

.. ..#...###...
#..#..<........
#..#...........
#..............
#.......>....#
#.$........#
#....o...##.
#..F††...P..#
####@†.......
########.. .


You could see Urug and a giant frog.

Vanquished Creatures
  A hydra (Lair:1)
  A komodo dragon (Lair:1)
  Grinder (D:6)
  Sigmund (D:2)
  4 yaks (Lair:3)
  3 hippogriffs
  5 wolves (Lair:1)
  12 swamp worms (Lair:1)
  3 ice beasts
  3 water moccasins (Lair:1)
  3 sky beasts
  6 porcupines
  An orc warrior (D:7)
  A phantom (D:8)
  4 centaurs
  7 ogres
  A necrophage (D:8)
  A crocodile (Lair:3)
  A giant frog (D:7)
  5 killer bees (D:8)
  5 scorpions
  A giant frog zombie (D:8)
  A giant frog skeleton (D:5)
  6 crimson imps
  2 orc priests
  A centaur skeleton (D:8)
  2 hounds
  Jessica (D:2)
  Natasha (thrice) (D:2)
  5 iguanas
  10 worker ants
  A hound zombie (D:8)
  A worker ant zombie (D:5)
  13 adders
  A shadow imp (D:6)
  12 worms
  3 giant geckos
  16 orcs
  7 bats
  2 giant cockroaches
  3 goblins
  7 hobgoblins
  9 jackals
  3 quokkas
  7 giant newts
  10 kobolds
  A quokka skeleton (D:4)
  A quokka zombie (D:7)
  6 rats
  2 plants (Lair:1)
206 creatures vanquished.

Vanquished Creatures (collateral kills)
  A gnoll (D:1)
  A hobgoblin (D:1)
  A bat (D:1)
  A rat (D:1)
4 creatures vanquished.

Vanquished Creatures (others)
  A fungus (Lair:1)
1 creature vanquished.

Grand Total: 211 creatures vanquished

Notes
Turn   | Place    | Note
--------------------------------------------------------------
     0 | D:1      | Medar the Gargoyle Summoner began the quest for the Orb.
     0 | D:1      | Reached XP level 1. HP: 10/10 MP: 3/3
    72 | D:1      | Reached skill level 1 in Maces & Flails
   154 | D:1      | Reached XP level 2. HP: 10/15 MP: 0/5
   161 | D:1      | Learned a level 2 spell: Call Imp
   990 | D:1      | Reached XP level 3. HP: 17/19 MP: 6/6
  1572 | D:2      | Noticed Jessica
  1581 | D:2      | Killed Jessica
  1646 | D:2      | Noticed Sigmund
  1895 | D:2      | Found a deep blue altar of Sif Muna.
  1959 | D:2      | Reached XP level 4. HP: 8/24 MP: 7/7
  2319 | D:2      | Found a white marble altar of Elyvilon.
  2541 | D:2      | Killed Sigmund
  2541 | D:2      | Reached skill level 5 in Maces & Flails
  2541 | D:2      | Reached XP level 5. HP: 26/28 MP: 3/8
  2545 | D:2      | Noticed Natasha
  2555 | D:2      | Killed Natasha
  2555 | D:2      | Reached skill level 1 in Fighting
  2694 | D:2      | Found a shadowy altar of Dithmenos.
  2694 | D:2      | Found a bloodstained altar of Trog.
  2893 | D:2      | Found a white marble altar of Elyvilon.
  3087 | D:2      | Noticed Natasha
  3095 | D:2      | Killed Natasha
  3124 | D:2      | Found a shadowy altar of Dithmenos.
  3124 | D:2      | Found a bloodstained altar of Trog.
  3344 | D:2      | Found a deep blue altar of Sif Muna.
  3563 | D:2      | Found a white marble altar of Elyvilon.
  3564 | D:2      | Noticed Natasha
  3568 | D:2      | Killed Natasha
  3843 | D:2      | Became a worshipper of Trog the Wrathful
  3909 | D:3      | Reached XP level 6. HP: 33/35 MP: 9/9
  3950 | D:3      | Noticed an ice beast
  3974 | D:3      | Killed an ice beast
  4274 | D:3      | Found a radiant altar of Vehumet.
  4485 | D:3      | Found a shimmering altar of Xom.
  4783 | D:4      | Reached XP level 7. HP: 34/40 MP: 10/10
  4830 | D:4      | Reached * piety under Trog
  5058 | D:4      | Found a staircase to the Ecumenical Temple.
  5345 | D:4      | Reached skill level 6 in Maces & Flails
  5577 | D:4      | Found an ancient bone altar of Kikubaaqudgha.
  5850 | D:5      | Entered Level 5 of the Dungeon
  5870 | D:5      | Found a glowing golden altar of the Shining One.
  5879 | D:5      | Reached XP level 8. HP: 46/46 MP: 11/11
  6119 | D:5      | Reached skill level 7 in Maces & Flails
  6287 | D:5      | Found a burning altar of Makhleb.
  6562 | D:5      | Reached skill level 8 in Maces & Flails
  7121 | D:6      | Reached ** piety under Trog
  7172 | D:6      | Found a glowing silver altar of Zin.
  7312 | D:6      | Noticed Grinder
  7325 | D:6      | Paralysed by Grinder for 2 turns
  7327 | D:6      | Killed Grinder
  7327 | D:6      | Reached skill level 9 in Maces & Flails
  7327 | D:6      | Reached XP level 9. HP: 43/51 MP: 12/12
  7601 | D:7      | Got a slimy short sword
  7633 | D:7      | Reached skill level 10 in Maces & Flails
  7919 | D:7      | Found a sacrificial altar of Ru.
  8085 | D:7      | Reached skill level 5 in Fighting
  8492 | D:8      | Got an ichor-stained trident
  8515 | D:8      | Reached skill level 11 in Maces & Flails
  8805 | D:8      | Reached XP level 10. HP: 53/59 MP: 13/13
  8826 | D:8      | Reached skill level 12 in Maces & Flails
  8852 | D:8      | Found a sparkling altar of Nemelex Xobeh.
  9102 | D:8      | Found a staircase to the Lair.
  9142 | Lair:1   | Entered Level 1 of the Lair of Beasts
  9779 | Lair:1   | Reached *** piety under Trog
  9793 | Lair:1   | Reached skill level 13 in Maces & Flails
 12027 | Lair:1   | Reached skill level 14 in Maces & Flails
 12215 | Lair:1   | Noticed a five-headed hydra
 12422 | Lair:1   | Reached XP level 11. HP: 63/63 MP: 14/14
 12524 | Lair:1   | Killed a five-headed hydra
 12524 | Lair:1   | Reached skill level 5 in Armour
 13505 | Lair:2   | You fall through a shaft!
 13505 | Lair:3   | Noticed Urug
 13536 | Lair:3   | Mangled by Urug

Action                   |  1- 3 |  4- 6 |  7- 9 | 10-12 || total
-------------------------+-------+-------+-------+-------++-------
Melee: Club              |    97 |       |       |       ||    97
       Unarmed           |     4 |       |       |       ||     4
       Whip              |    22 |   208 |   392 |       ||   622
       Flail             |       |       |   144 |   355 ||   499
Throw: Throwing net      |       |       |       |     1 ||     1
 Cast: Summon Small Mamm |     8 |       |       |       ||     8
       Call Imp          |     2 |     3 |       |       ||     5
Invok: Burn Spellbooks   |       |     1 |       |       ||     1
       Berserk           |       |       |     1 |     3 ||     4
Evoke: Wand              |       |       |     8 |     4 ||    12
  Use: Scroll            |       |     1 |     8 |     1 ||    10
       Potion            |       |       |     1 |     1 ||     2
 Stab: Sleeping          |     2 |       |       |       ||     2
       Confused          |       |       |     2 |       ||     2
  Eat: Chunk             |     3 |     8 |    15 |    10 ||    36
       Beef jerky        |       |     1 |       |     4 ||     5
       Pizza             |       |       |       |     1 ||     1
